 Dungeon Crawl Stone Soup version 0.30-a0-43-gbbf338a72c (webtiles) character file.

Game seed: 8384819633454149287

8205 scionoferis the Covert (level 11, -3/59 HPs)
             Began as a Vampire Enchanter on Aug 31, 2022.
             Was a Believer of Dithmenos.
             Slain by a soul eater (17 damage)
             ... on level 10 of the Dungeon.
             The game lasted 00:49:53 (11077 turns).

scionoferis the Covert (Vampire Enchanter)         Turns: 11077, Time: 00:49:54

Health: -3/59      AC:  8    Str: 10    XL:     11   Next: 6%
Magic:  15/21      EV: 16    Int: 24    God:    Dithmenos [**....]
Gold:   122        SH:  0    Dex: 23    Spells: 16/24 levels left

rFire   + . .      SeeInvis +    b - +3 falchion "Beetleslayer" {vorpal, rF+ Str+3 Int+4}
rCold   + + .      Faith    .    (no shield)
rNeg    + + +      Spirit   .    K - +2 leather armour {rPois}
rPois   ∞          Reflect  .    (no helmet)
rElec   .          Harm     .    U - +0 cloak
rCorr   .          Rampage  .    I - +0 pair of gloves
Will    +....                    n - +0 pair of boots
Stlth   +++++++++.               C - amulet of the acrobat
HPRegen 0.00/turn                f - +6 ring of dexterity
MPRegen 0.17/turn                Q - +4 ring of evasion

@: about to teleport, bloodless, inhibited regen, wreathed by umbra
A: bloodless, fangs 3, see invisible, vampiric 2
a: Bat Form, Revivify, Renounce Religion, Shadow Step


You were on level 10 of the Dungeon.
You worshipped Dithmenos.
Dithmenos was pleased with you.
You visited 1 branch of the dungeon, and saw 10 of its levels.

You collected 468 gold pieces.
You spent 346 gold pieces at shops.

Inventory:

Hand Weapons
 a - a +1 rapier of protection
 b - the +3 falchion "Beetleslayer" (weapon) {vorpal, rF+ Str+3 Int+4}
   (You found it on level 4 of the Dungeon)

   It inflicts extra damage upon your enemies.
   Str:       It affects your strength (+3).
   Int:       It affects your intelligence (+4).
   rF:        It protects you from fire.
 h - a +1 dagger
 l - a +0 sling
 J - a +3 dagger
 O - a +0 dagger of pain
 R - a +1 scimitar of flaming
 T - a +2 dagger of venom
Missiles
 e - 42 poisoned darts (quivered)
 k - 6 curare-tipped darts
 o - 11 boomerangs
 A - 2 throwing nets
Armour
 n - a +0 pair of boots (worn)
 I - a +0 pair of gloves (worn)
 K - a +2 leather armour of poison resistance (worn)
 U - a +0 cloak (worn)
Jewellery
 f - a +6 ring of dexterity (left hand)
 r - an amulet of reflection
 C - an amulet of the acrobat (around neck)
 P - a ring of poison resistance
 Q - a +4 ring of evasion (right hand)
 V - the ring of Sunlight {Fire rElec rPois MP-9 Str+8}
   (You bought it in a shop on level 10 of the Dungeon)

   [ring of fire]

   It enhances your fire magic.
   Str:       It affects your strength (+8).
   rF:        It protects you from fire.
   rC:        It makes you vulnerable to cold.
   rElec:     It insulates you from electricity.
   rPois:     It protects you from poison.
   MP:        It affects your magic capacity (-9).
Wands
 v - a wand of mindburst (14)
 W - a wand of roots (5)
Scrolls
 d - 2 scrolls of silence
 i - 3 scrolls of poison
 j - 2 scrolls of fear
 p - 3 scrolls of enchant weapon
 s - 2 scrolls of immolation
 u - 5 scrolls of blinking
 w - a scroll of vulnerability
 y - 4 scrolls of teleportation
 B - a scroll of enchant armour
 F - 2 scrolls of brand weapon
 G - 2 scrolls of amnesia
 H - 3 scrolls of butterflies
 L - a scroll of magic mapping
 N - a scroll of summoning
Potions
 c - 5 potions of invisibility
 g - a potion of mutation {unknown}
 m - 4 potions of curing
 q - a potion of magic {unknown}
 t - 3 potions of berserk rage
 x - 2 potions of haste
 z - a potion of heal wounds {unknown}
 D - 2 potions of flight {unknown}
 E - a potion of might
 M - a potion of brilliance {unknown}
 S - a potion of resistance {unknown}


   Skills:
 + Level 2.6 Fighting
 + Level 10.3(10.5) Short Blades
 + Level 2.8(6.6) Long Blades
 + Level 2.2 Armour
 - Level 2.1 Dodging
 + Level 10.3 Stealth
 + Level 7.1 Spellcasting
 - Level 3.0 Conjurations
 + Level 9.5 Hexes
 - Level 3.0 Ice Magic
 - Level 3.0 Air Magic
 - Level 3.0 Poison Magic


You had 16 spell levels left.
You knew the following spells:

 Your Spells              Type           Power      Damage    Failure   Level
a - Ensorcelled Hibernat  Hex/Ice        76%        N/A       1%          2
b - Confusing Touch       Hex            53%        N/A       1%          3
c - Mephitic Cloud        Conj/Pois/Air  22%        N/A       9%          3

Your spell library contained the following spells:

 Spells                   Type           Power      Damage    Failure   Level
 Tukima's Dance           Hex            53%        N/A       1%          3
 Magic Dart               Conj           88%        1d7       2%          1
 Dazzling Flash           Conj/Hex       76%        N/A       2%          3
 Anguish                  Hex/Necr       15%        N/A       13%         4
 Call Imp                 Summ           8%         N/A       14%         2
 Spider Form              Tmut/Pois      15%        N/A       16%         3
 Dispersal                Tloc           4%         N/A       100%        6
 Disjunction              Tloc           4%         N/A       100%        8


Dungeon Overview and Level Annotations

Branches:
Dungeon (10/15)            Temple (0/1) D:7            Lair (0/5) D:10
    Orc: D:9-12

Altars:
Cheibriados
Dithmenos
Fedhas
Kikubaaqudgha
Qazlal
Vehumet

Shops:
D:1 *   D:3 *   D:4 =   D:5 (   D:10 *

Annotations:
D:4 3 runed translucent doors, flotson's ghost, weakling DsDe
D:6 2 exclusions
D:10 Harold


Innate Abilities, Weirdness & Mutations

You do not regenerate when monsters are visible.
You are frail without blood (-20% HP).
You can heal yourself when you bite living creatures.
You are immune to poison.
You have razor-sharp teeth.
You have supernaturally acute eyesight. (SInv)
You are afflicted with vampirism and can become a bat while bloodless.


Message History

The howler monkey hoots and howls with incredible vigour!
You hear a bellow!
You hear an angry buzzing noise.
You hear a bellow!
You hear a horrible gurgling sound!
You barely miss the soul eater.
You hear an angry buzzing noise.
The soul eater hits you but does no damage.
You hear an angry buzzing noise.
You hit the soul eater but do no damage.
You bite the soul eater, but do no damage.
The soul eater hits you!
Casting: Ensorcelled Hibernation (safe; 1% risk of failure)
Confirm with . or Enter, or press ? or * to list all spells.
Aiming: Ensorcelled Hibernation (safe; 1% risk of failure)
Press: ? - help, Shift-Dir - straight line, f - howler monkey
Aim: a howler monkey (umbra, chance to affect: 70%)
The howler monkey looks drowsy...
The black bear growls angrily.
The soul eater hits you!
The helpless howler monkey fails to defend itself.
You bite the howler monkey, and draw its blood!
You feel better.
You skewer the howler monkey like a kebab!!!!
You kill the howler monkey!
Dithmenos accepts your kill.
Your +1 rapier of protection goes still.
You feel stronger.
You feel clever.
b - the +3 falchion "Beetleslayer" (weapon)
{vorpal, rF+ Str+3 Int+4} The soul eater hits you.
You hit the soul eater but do no damage.
The soul eater misses you.
You closely miss the soul eater. The soul eater barely misses you.
You hit the soul eater but do no damage.
You bite the soul eater, but do no damage.
You hear a bellow!
The soul eater hits you!!
* * * LOW HITPOINT WARNING * * *
You hear a bellow! x2
As you read the scroll of teleportation, it crumbles to dust.
You feel strangely unstable. The soul eater hits you!
You die...

#.. ....Y.>..... ....
###.##..........P.
.#.##....3#........P..
..
...##.....##.........#
#.#
..##.....####.....###
#.# #.##.....#
#.#####.##.....#
#........3######
#.##.#(.h†@#
######.##....#..#
##......##.##.#..#
.....##.##.......#
##.#.##..........#
#..#.####..###...###
#.##.# #..#...#.....#
#.##.# #..#.∩.#..####
.....# #..#...#..####


You could see a soul eater and a black bear.

Vanquished Creatures
  A two-headed ogre (D:10)
  Pikel (D:5)
  An efreet (D:8)
  A shadow (D:9)
  2 wyverns
  10 yaks
  2 steam dragons
  Duvessa (D:6)
  A water moccasin (D:7)
  2 orc warriors
  A hornet zombie (D:7)
  2 ice beasts (D:7)
  2 black bears
  3 centaurs
  3 lemures (D:5)
  A phantom (D:4)
  4 kobold brigands
  5 bullfrogs
  A scorpion (D:5)
  8 necrophages
  A wyvern zombie (D:6)
  6 wights (D:6)
  Dowan (D:6)
  10 killer bees
  An electric eel (D:7)
  7 howler monkeys
  2 bullfrog zombies (D:6)
  7 hounds
  An iron imp (D:9)
  6 orc priests
  2 jellies
  A gnoll bouda (D:7)
  A human zombie (D:6)
  Ijyb (D:5)
  10 orc wizards
  Natasha (twice) (D:4)
  2 killer bee zombies (D:6)
  3 howler monkey zombies
  11 gnolls
  9 adders
  3 white imps
  3 worms
  11 dart slugs
  25 orcs
  2 endoplasms
  4 giant cockroaches
  3 goblins
  4 hobgoblins
  3 jackals (D:5)
  4 quokkas
  6 ball pythons
  4 bats
  25 kobolds
  6 rats
  A bush (D:7)
240 creatures vanquished.

Vanquished Creatures (others)
  5 demonic plants (D:10)
  35 plants
40 creatures vanquished.

Grand Total: 280 creatures vanquished

Notes
Turn   | Place    | Note
-------+----------+-------------------------------------------
     0 | D:1      | scionoferis the Vampire Enchanter began the quest for the
                  | Orb.
     0 | D:1      | Reached XP level 1. HP: 13/13 MP: 3/3
    75 | D:1      | Found a faded altar of an unknown god.
   208 | D:1      | Found Mefaf's General Store.
   215 | D:1      | Reached XP level 2. HP: 19/19 MP: 5/5
   218 | D:1      | Learned a level 2 spell: Ensorcelled Hibernation
  1063 | D:2      | Gained mutation: You are afflicted with vampirism and can
                  | become a bat while bloodless. [Vampire growth]
  1063 | D:2      | Reached XP level 3. HP: 24/24 MP: 6/6
  1531 | D:3      | Reached skill level 5 in Stealth
  1948 | D:3      | Reached skill level 5 in Hexes
  1981 | D:3      | Reached skill level 1 in Ice Magic
  1981 | D:3      | Reached XP level 4. HP: 30/30 MP: 4/7
  2743 | D:3      | Reached XP level 5. HP: 21/28 MP: 1/8
  2882 | D:3      | Found Lech's General Store.
  3091 | D:4      | Found a runed translucent gate.
  3091 | D:4      | Found a runed translucent gate.
  3092 | D:4      | Found a runed translucent gate.
  3092 | D:4      | Noticed flotson's ghost (weakling DsDe)
  3106 | D:4      | Noticed Natasha
  3199 | D:4      | Identified the +5 whip of the Writhing Gods {vorpal, Dex+3}
  3231 | D:4      | Identified the +3 falchion "Beetleslayer" {vorpal, rF+
                  | Str+3 Int+4}
  3252 | D:4      | Killed Natasha
  3352 | D:4      | Reached XP level 6. HP: 20/32 MP: 10/10
  3590 | D:4      | Found Ciuthel's Jewellery Shop.
  3747 | D:4      | Noticed Natasha
  3750 | D:4      | Killed Natasha
  3757 | D:4      | Learned a level 3 spell: Confusing Touch
  3984 | D:5      | Entered Level 5 of the Dungeon
  4032 | D:5      | Noticed Pikel
  4186 | D:5      | Noticed Ijyb
  4188 | D:5      | Reached XP level 7. HP: 36/36 MP: 11/11
  4194 | D:5      | Killed Ijyb
  4200 | D:5      | Reached skill level 5 in Short Blades
  4257 | D:5      | Killed Pikel
  4258 | D:5      | Reached XP level 8. HP: 38/41 MP: 9/14
  4298 | D:5      | Found Raovohan's Antique Weapon Shop.
  5784 | D:6      | Found an ancient bone altar of Kikubaaqudgha.
  5838 | D:6      | Reached XP level 9. HP: 45/45 MP: 10/16
  5880 | D:6      | Noticed Duvessa
  5880 | D:6      | Noticed Dowan
  5886 | D:6      | Learned a level 3 spell: Mephitic Cloud
  5900 | D:6      | Killed Duvessa
  5901 | D:6      | Reached skill level 5 in Spellcasting
  5903 | D:6      | Killed Dowan
  5984 | D:6      | Reached skill level 1 in Air Magic
  5984 | D:6      | Reached skill level 1 in Poison Magic
  6001 | D:6      | Reached skill level 1 in Conjurations
  6027 | D:6      | You fall into a shaft and drop 3 floors!
  6482 | D:8      | Noticed an efreet
  6782 | D:7      | Found a shadowy altar of Dithmenos.
  6790 | D:7      | Became a worshipper of Dithmenos the Shadowed
  7279 | D:7      | Found a staircase to the Ecumenical Temple.
  7359 | D:7      | Found a blossoming altar of Fedhas.
  7386 | D:7      | Found a stormy altar of Qazlal.
  7411 | D:6      | Reached * piety under Dithmenos
  7565 | D:7      | Found Cutonuuru's Assorted Antiques.
  7808 | D:7      | Found a radiant altar of Vehumet.
  8241 | D:7      | Reached XP level 10. HP: 50/50 MP: 10/18
  9131 | D:8      | Reached skill level 10 in Short Blades
  9218 | D:8      | Reached ** piety under Dithmenos
  9219 | D:8      | Reached skill level 1 in Long Blades
  9230 | D:8      | Reached skill level 1 in Fighting
  9230 | D:8      | Reached skill level 1 in Armour
  9786 | D:5      | Bought a runed rapier for 196 gold pieces
 10374 | D:9      | Reached skill level 10 in Stealth
 10408 | D:9      | Found a snail-covered altar of Cheibriados.
 10787 | D:10     | Entered Level 10 of the Dungeon
 10787 | D:10     | Found a staircase to the Lair.
 10880 | D:10     | Noticed a two-headed ogre
 10916 | D:10     | Found Berhiarph's Antique Artefacts.
 10955 | D:10     | Killed a two-headed ogre
 10956 | D:10     | Reached XP level 11. HP: 58/58 MP: 21/21
 10986 | D:10     | Bought a bound golden ring for 150 gold pieces
 10986 | D:10     | Identified the ring of Sunlight {Fire rElec rPois MP-9
                  | Str+8} (You bought it in a shop on level 10 of the Dungeon)
 10998 | D:10     | Noticed Harold
 11046 | D:10     | Noticed a soul eater
 11077 | D:10     | Slain by a soul eater

Illustrated notes

Levels and vault maps discovered:
D:1:      reono_arrival_mine, layout_basic,
          ebering_ecumenical_altar_sacrificial, serial_shops,
          nicolae_shop_crystal, dreamdust_princess_bridge,
          minmay_misc_feat_secret_circle
D:2:      layout_rooms, serial_rivers, chequers_serial_rivers_micro_e,
          chequers_serial_rivers_large_b, chequers_serial_rivers_micro_e,
          chequers_serial_rivers_micro_d, chequers_serial_rivers_micro_c,
          chequers_serial_rivers_small_b, kennysheep_generic_room_14
D:3:      layout_loops_corners, overflow_temple_1_default,
          nicolae_tso_carved_into_rock, serial_shops, nicolae_diamond_shop,
          fountainhead
D:4:      layout_basic, gammafunk_ghost_split, serial_shops, kennysheep_mini,
          uniq_natasha
D:5:      layout_layer_cave, serial_shops, nicolae_shop_trees,
          wad_floor_pattern_1, uniq_ijyb, uniq_pikel
D:6:      kennysheep_slugbush, layout_loops_ring,
          lemuel_mausoleum_altar_kikubaaqudgha,
          nicolae_concentric_dashed_squares_mild, uniq_duvessa
D:7:      layout_rooms, mainiacjoe_overflow_alcove_2,
          fedhas_altar_decomposition, nicolae_qazlal_style_of_elements,
          mainiacjoe_overflow_small_starburst, minmay_temple_entry_stoned_glass,
          serial_shops, nicolae_square_shop, serial_bayou,
          serial_bayou_lagoon_a, serial_bayou_ford_a, serial_bayou_crossing,
          serial_bayou_pond_b
D:8:      layout_basic, minmay_microvault
D:9:      layout_stronghold, slow_altar_2, kennysheep_generic_room_6
D:10:     minmay_bloctagon_deflated, layout_loops_cross, david_lair_generic,
          serial_shops, nicolae_shop_advertising_works
          [nicolae_subvault_shop_adworks], serial_demonic, serial_demonic_g,
          serial_demonic_g, serial_demonic_a, serial_demonic_c,
          nicolae_antique_artefacts, laboratory, uniq_harold

Skill      XL: |  1  2  3  4  5  6  7  8  9 10 |
---------------+-------------------------------+-----
Short Blades   | 2 3 4 6 7 9 10 | 10.3
Stealth        | 5 6 7 9 10 | 10.3
Hexes          | 5 6 7 8 9 |  9.5
Ice Magic      | 1 2 3 |  3.0
Spellcasting   | 3 4 5 7 |  7.1
Air Magic      | 3 |  3.0
Poison Magic   | 3 |  3.0
Conjurations   | 3 |  3.0
Long Blades    | 2 |  2.8
Fighting       | 2 |  2.6
Armour         | 2 |  2.2
Dodging        | |  2.1

Action                   |  1- 3 |  4- 6 |  7- 9 | 10-12 || total
-------------------------+-------+-------+-------+-------++-------
Melee: Dagger            |    20 |       |       |       ||    20
       Bite              |     7 |     4 |    40 |    22 ||    73
       Short sword       |    61 |    57 |   273 |    79 ||   470
       Falchion          |       |     7 |     6 |    18 ||    31
       Punch             |       |       |     4 |     1 ||     5
       Rapier            |       |       |       |    73 ||    73
Throw: Dart              |       |       |     1 |     2 ||     3
 Cast: Ensorcelled Hiber |    10 |    18 |    43 |    55 ||   126
       Confusing Touch   |       |     1 |    12 |    11 ||    24
       Mephitic Cloud    |       |       |     1 |     1 ||     2
 Abil: Exsanguinate      |       |     1 |       |       ||     1
  Use: Scroll            |       |     6 |     4 |     6 ||    16
       Potion            |       |       |       |     2 ||     2
 Stab: Sleeping          |    19 |    24 |    59 |    40 ||   142
       Confused          |       |     2 |    13 |    10 ||    25
       Distracted        |       |       |     1 |     2 ||     3
Armor: Robe              |    21 |    13 |     9 |       ||    43
       Leather armour    |       |       |    48 |    19 ||    67
Dodge: Dodged            |    40 |    32 |   114 |   108 ||   294

Table legend: (Time is in decaauts)
 A = Elapsed time spent in this place.
 B = Non-inter-level travel time spent in this place.
 C = Inter-level travel time spent in this place.
 D = Time resting spent in this place.
 E = Time spent auto-exploring this place.
 F = Levels seen in this place.
 G = Mean time per level.
                   A        B        C        D        E       F      G
               +--------+--------+--------+--------+--------+-----+--------+
         Total |  10990 |  10200 |    790 |   1757 |   4843 |  10 | 1099.0 |
       Dungeon |  10990 |  10200 |    790 |   1757 |   4843 |  10 | 1099.0 |
               +--------+--------+--------+--------+--------+-----+--------+

Top non-repeatable levels by time:
     D:6: 1784 daAuts
     D:3: 1609 daAuts
     D:7: 1534 daAuts
     D:8: 1286 daAuts
     D:9: 1251 daAuts
     D:4: 898 daAuts
     D:5: 875 daAuts
     D:1: 874 daAuts
     D:2: 640 daAuts
    D:10: 235 daAuts
